 Dungeon Crawl Stone Soup version 0.27-a0-830-ga1c911b16d (webtiles) character file.

Game seed: 1346232567220768264

85 McIrco the Skirmisher (level 4, 0/37 HPs)
             Began as a Djinni Conjurer on Mar 31, 2021.
             Slain by Edmund
             ... wielding a +1 flail of protection
              (11 damage)
             ... on level 4 of the Dungeon.
             The game lasted 00:03:46 (3300 turns).

McIrco the Skirmisher (Djinni Conjurer)             Turns: 3300, Time: 00:03:47

Health: 0/37       AC:  2    Str:  7    XL:     4   Next: 48%
Gold:   143        EV: 12    Int: 19    God:
                   SH:  0    Dex: 12

rFire    + + .     SeeInvis .   f - +1 short sword (flame)
rCold    x . .     Faith    .   (no shield)
rNeg     . . .     Spirit   .   a - +0 robe
rPois    ∞         Reflect  .   (no helmet)
rElec    .         Harm     .   (no cloak)
rCorr    .         Rampage  .   (no gloves)
Will     .....                  (boots unavailable)
Stlth    ++........             (no amulet)
HPRegen  0.12/turn              (no ring)
MPRegen  0.00/turn              (no ring)

@: flying, very slightly contaminated, hasted, very quick
A: fire resistance 2, cold vulnerability 1, float, innate caster, hp casting,
extra vitality 1
a: no special abilities


You were on level 4 of the Dungeon.
You visited 1 branch of the dungeon, and saw 4 of its levels.

You collected 143 gold pieces.

Inventory:

Hand Weapons
 f - a +1 short sword of flaming (weapon)
Armour
 a - a +0 robe (worn)
Jewellery
 e - a +4 ring of evasion
Wands
 l - a wand of polymorph (15)
Scrolls
 b - a scroll of summoning {unknown}
 c - 5 scrolls of identify {unknown}
 d - 3 scrolls of teleportation {unknown}
 h - a scroll of amnesia {unknown}
Potions
 g - a potion of attraction {unknown}
 i - a potion of curing {unknown}
 k - a potion of invisibility {unknown}


   Skills:
 + Level 4.0 Fighting
 - Level 2.1 Dodging
 - Level 1.5 Stealth
 - Level 3.6 Spellcasting


You couldn't memorise any spells.
You knew the following spells:

 Your Spells              Type           Power      Damage    Failure   Level
a - Magic Dart            Conj           68%        1d6       3%          1
b - Searing Ray           Conj           34%        3d4       4%          2
c - Fulminant Prism       Conj/Hex       8%         3d7       32%         4
d - Dazzling Flash        Conj/Hex       34%        N/A       10%         3
e - Iskenderun's Mystic   Conj/Tloc      17%        2d5       32%         4
f - Foxfire               Conj/Fire      68%        2x1d7     3%          1
Your spell library was empty.

Dungeon Overview and Level Annotations

Branches:
Dungeon (4/15)
 Temple: D:4-7

Altars:
Dithmenos

Annotations:
D:4 Edmund


Innate Abilities, Weirdness & Mutations

You are immune to poison.
Your flesh is very heat resistant. (rF++)
You are vulnerable to cold. (rC-)
You float through the air rather than walking.
You learn spells naturally, not from books.
Your magical power is your life essence.
You have superior vitality. (+4 HP)


Message History

Confirm with . or Enter, or press ? or * to list all spells.
You can't see any susceptible monsters within range! (Use Z to cast anyway.) Done exploring.
Done exploring.
Done exploring.
Done exploring.
Search for what [Enter for "."]?
(D) Dungeon
Where to? (Enter - D:2 @ (x,y), ? - help)
There is a stone staircase leading down here.
You fly downwards.
There is a stone staircase leading up here.
Unknown command.
l - a wand of polymorph (15)
You now have 143 gold pieces (gained 7).
You see here a +0 leather armour.
A hobgoblin and Edmund come into view.
Edmund is wielding a +1 flail of protection.
The hobgoblin shouts!
Edmund drinks a potion.
Edmund seems to speed up.
You see here a +0 leather armour.
Casting: Magic Dart (safe; 3% risk of failure)
Confirm with . or Enter, or press ? or * to list all spells.
The spell is extremely dangerous to cast (32% risk of failure)!
Continue anyway? [Y]es or [N]o only, please.
The spell is extremely dangerous to cast (32% risk of failure)!
Continue anyway?
Aiming: Fulminant Prism (extremely dangerous; 32% risk of failure)
Press: ? - help, Dir - move target You miscast Fulminant Prism.
You are very lightly contaminated with residual magic.
Nothing appears to happen.
Edmund hits you with a +1 flail of protection!
Edmund barely misses you.
Edmund hits you with a +1 flail of protection!
* * * LOW HITPOINT WARNING * * *
Edmund says, "I'm quite good with sums, too."
Okay, then.
You feel yourself speed up.
Edmund hits you with a +1 flail of protection!
You die...

###########
.......<..#
#######.#.# #.#.#
#.#.# #.#.#
#.#.#.#####.#
#.#.#..@@.#.#
#.#.#####.#.#
#.#...#.#.#
#.#.#.#g#.# #
#.#.#.#[#@#
#####.#.#.#.#.#.####..
#.....................
..........#.#.#.####..
#.###.#.#...#.#g#


You could see Edmund (fast).

Vanquished Creatures
  3 adders
  A worm (D:2)
  2 dart slugs
  An orc (D:3)
  4 endoplasms (D:1)
  6 goblins
  2 hobgoblins
  7 jackals
  A quokka (D:2)
  8 ball pythons
  6 bats
  A frilled lizard (D:1)
  4 kobolds
  3 rats
49 creatures vanquished.

Notes
Turn   | Place    | Note
-------+----------+-------------------------------------------
     0 | D:1      | McIrco the Djinni Conjurer began the quest for the Orb.
     0 | D:1      | Reached XP level 1. HP: 15/15 MP: 0/0
   140 | D:1      | Reached skill level 1 in Fighting
   246 | D:1      | Reached XP level 2. HP: 18/22 MP: 0/0
   426 | D:1      | Reached skill level 2 in Fighting
  1213 | D:2      | Reached XP level 3. HP: 7/29 MP: 0/0
  1213 | D:2      | Learned a level 1 spell: Foxfire
  1771 | D:2      | Reached skill level 3 in Fighting
  2710 | D:3      | Reached XP level 4. HP: 31/35 MP: 0/0
  3067 | D:3      | Found a shadowy altar of Dithmenos.
  3145 | D:3      | Reached skill level 4 in Fighting
  3291 | D:4      | Noticed Edmund
  3300 | D:4      | Slain by Edmund

Illustrated notes

Levels and vault maps discovered:
D:1:      lightli_iron_boxes, layout_basic
D:2:      layout_loops_ring
D:3:      layout_rooms, grunt_dithmenos_smoke_and_mirrors
D:4:      layout_basic, minmay_manual_monstrance, uniq_edmund

Skill      XL: |  1  2  3  4 |
---------------+-------------+-----
Fighting       | 1 2 3 4 |  4.0
Dodging        | |  2.1
Stealth        | |  1.5
Spellcasting   | |  3.6

Action                   |  1- 3 |  4- 6 || total
-------------------------+-------+-------++-------
 Cast: Magic Dart        |    83 |    26 ||   109
  Use: Potion            |       |     1 ||     1
Armor: Robe              |     3 |       ||     3
Dodge: Dodged            |     3 |     4 ||     7

Table legend: (Time is in decaauts)
 A = Elapsed time spent in this place.
 B = Non-inter-level travel time spent in this place.
 C = Inter-level travel time spent in this place.
 D = Time resting spent in this place.
 E = Time spent auto-exploring this place.
 F = Levels seen in this place.
 G = Mean time per level.
                   A        B        C        D        E       F      G
               +--------+--------+--------+--------+--------+-----+--------+
         Total |   3301 |   3120 |    181 |    490 |   2431 |   4 |  825.2 |
       Dungeon |   3301 |   3120 |    181 |    490 |   2431 |   4 |  825.2 |
               +--------+--------+--------+--------+--------+-----+--------+

Top non-repeatable levels by time:
     D:2: 1464 daAuts
     D:1: 1149 daAuts
     D:3: 653 daAuts
     D:4: 34 daAuts
